 Dungeon Crawl Stone Soup version 0.32-a0-558-g233958a4c4 (webtiles) character file.

Game seed: 16363293738079273357

110 protoss039 the Digger (level 4, 0/33 HPs)
             Began as a Demonspawn Earth Elementalist on Mar 1, 2024.
             Slain by a gnoll
             ... wielding a +0 flail
              (12 damage)
             ... on level 3 of the Dungeon.
             The game lasted 00:05:05 (1864 turns).

protoss039 the Digger (DsEE)                        Turns: 1864, Time: 00:05:05

Health: 0/33       AC:  6    Str:  8    XL:     4   Next: 61%
Magic:  8/8        EV:  9    Int: 18    God:
Gold:   133        SH:  8    Dex: 13    Spells: 7/8 levels left

rFire   . . .        h - +0 dagger
rCold   . . .        i - +0 buckler
rNeg    . . .        q - +0 ring mail
rPois   .            (no helmet)
rElec   .            (no cloak)
rCorr   .            l - +0 pair of gloves
SInv    .            (no boots)
Will    .....        (no amulet)
Stlth   +            (no ring)
HPRegen 0.25/turn    (no ring)
MPRegen 0.11/turn

%: no passive effects
@: no status effects
A: large bone plates 1, spiny 1
a: no special abilities


You were on level 3 of the Dungeon.
You visited 1 branch of the dungeon, and saw 3 of its levels.

You collected 133 gold pieces.

Inventory:

Hand Weapons
 e - a +0 club
 h - a +0 dagger (weapon)
Missiles
 m - 9 poisoned darts
Armour
 a - a +0 robe
 i - a +0 buckler (worn)
 j - a +0 leather armour
 l - a +0 pair of gloves (worn)
 q - a +0 ring mail (worn)
Scrolls
 d - 3 scrolls of identify {unknown}
 f - a scroll of poison {unknown}
 k - a scroll of revelation {unknown}
 n - a scroll of fog {unknown}
 o - 3 scrolls of teleportation {unknown}
 p - a scroll of fear {unknown}
Potions
 b - a potion of magic
 c - 2 potions of curing
 g - a potion of resistance {unknown}


   Skills:
 + Level 1.9 Fighting
 + Level 1.0 Armour
 - Level 1.7 Dodging
 - Level 1.7 Stealth
 + Level 0.9 Shields
 + Level 2.7 Spellcasting
 + Level 1.6 Conjurations
 + Level 3.3 Earth Magic


You had 7 spell levels left.
You knew the following spells:

 Your Spells              Type           Power      Damage    Failure   Level
a - Sandblast             Erth           28%        2d8       22%         1

Your spell library contained the following spells:

 Spells                   Type           Power      Damage    Failure   Level
 Passwall                 Erth           14%        N/A       54%         3
 Apportation              Tloc           4%         N/A       63%         1
 Slow                     Hex            8%         N/A       63%         1
 Stone Arrow              Conj/Erth      22%        3d8       67%         3
 Jinxbite                 Hex            4%         N/A       77%         2
 Confusing Touch          Hex            2%         N/A       94%         3
 Sigil of Binding         Hex            2%         N/A       94%         3
 Vampiric Draining        Necr           2%         2d6       94%         3
 Brom's Barrelling Bould  Conj/Erth      11%        2d3       97%         4
 Petrify                  Alch/Erth      8%         N/A       99%         4
 Alistair's Intoxication  Alch           1%         N/A       100%        5


Dungeon Overview and Level Annotations

Branches:
Dungeon (3/15) Zot: 16094

Altars:
Cheibriados


Innate Abilities, Weirdness & Mutations

You are partially covered in large bone plates. (SH +4)
You are partially covered in sharp spines.


Message History

The bat is severely wounded.
The bat is struck by your spines.
You kill the bat!
There are monsters nearby!
The gnoll barely misses you.
Casting: Sandblast (safe; 22% risk of failure)
Confirm with . or Enter, or press ? or * to list all spells.
Aiming: Sandblast (safe; 22% risk of failure)
Press: ? - help, Shift-Dir - straight line, f - gnoll
Aim: a gnoll, wielding a +1 halberd of venom (84% to hit)
Okay, then.
You hit the gnoll but do no damage. The gnoll barely misses you. x2
Unknown command.
You hit the gnoll.
The gnoll is lightly wounded.
The gnoll completely misses you. You block the gnoll's attack. x2
The gnoll closely misses you. The gnoll hits you but does no damage.
The gnoll hits you with a +1 halberd of venom!
You are lethally poisoned!
Unknown command.
You feel very sick. The gnoll barely misses you.
The gnoll attacks as it pursues you! The gnoll hits you with a +0 whip.
Okay, then.
* * * LOW HITPOINT WARNING * * *
You feel very sick.
It was a potion of curing.
You feel better. You block the gnoll's attack.
Unknown command.
The gnoll attacks as it pursues you! The gnoll hits you with a +0 flail.
The gnoll attacks as it pursues you! You block the gnoll's attack.
The gnoll attacks as it pursues you! The gnoll hits you with a +0 flail.
The gnoll attacks as it pursues you! The gnoll is struck by your spines.
The gnoll hits you with a +0 flail!
* * * LOW HITPOINT WARNING * * *
The gnoll attacks as it pursues you! You block the gnoll's attack.
The gnoll attacks as it pursues you! The gnoll hits you with a +0 flail!
* * * LOW HITPOINT WARNING * * *
You feel better. The gnoll is struck by your spines.
The gnoll hits you with a +0 flail!
You die...

....#g...#.#
#####.##....#.#
..............#
####.........#
#.##....#.#
###############.##.#.#
..........g.g.g....#.#
##.......###..........
...#..).)@g...#.#.####.#.
#.....<....#.#.#.# ...
#......).......#.#
#..............#.#
........###.....#.#
#.##....# #.....#.# #
#...... #.....#.# #......
###.#.# #...... #.#.#


You could see 3 gnolls.

Vanquished Creatures
  4 gnolls
  An adder (D:2)
  2 dart slugs (D:1)
  3 orcs (D:3)
  6 bats
  9 endoplasms
  2 giant cockroaches (D:2)
  3 goblins (D:1)
  A hobgoblin (D:2)
  3 jackals
  2 kobolds
  4 quokkas
  7 ball pythons
  5 frilled lizards
  4 rats
56 creatures vanquished.

Notes
Turn   | Place    | Note
-------+----------+-------------------------------------------
     0 | D:1      | protoss039 the Demonspawn Earth Elementalist began the
                  | quest for the Orb.
     0 | D:1      | Reached XP level 1. HP: 13/13 MP: 3/3
   129 | D:1      | Gained mutation: You are partially covered in large bone
                  | plates. (SH +4) [demonic ancestry]
   129 | D:1      | Reached XP level 2. HP: 20/20 MP: 3/5
   157 | D:1      | Reached skill level 1 in Fighting
   179 | D:1      | Reached skill level 3 in Earth Magic
   575 | D:1      | Found a faded altar of an unknown god.
   585 | D:1      | Reached XP level 3. HP: 21/26 MP: 6/6
  1234 | D:2      | Gained mutation: You are partially covered in sharp spines.
                  | [demonic ancestry]
  1234 | D:2      | Reached XP level 4. HP: 33/33 MP: 4/7
  1406 | D:2      | Reached skill level 1 in Armour
  1817 | D:3      | Found a snail-covered altar of Cheibriados.
  1862 | D:3      | HP: 1/33 [gnoll/+0 flail (9)]
  1864 | D:3      | Slain by a gnoll

Illustrated notes

Levels and vault maps discovered:
D:1:      psy_arrival_fountain, layout_rooms, ebering_ecumenical_altar_box
D:2:      layout_basic, minmay_small_reverse_x
D:3:      layout_basic, cheibriados_altar_1, mainiacjoe_overflow_alcove_2

Skill      XL: |  1  2  3  4 |
---------------+-------------+-----
Fighting       | 1 |  1.9
Earth Magic    | 3 |  3.3
Armour         | 1 |  1.0
Dodging        | |  1.7
Stealth        | |  1.7
Shields        | |  0.9
Spellcasting   | |  2.7
Conjurations   | |  1.6

Action                     |  1- 3 |  4- 6 || total
---------------------------+-------+-------++-------
  Melee: Club              |    21 |       ||    21
         Dagger            |    16 |    22 ||    38
   Cast: Sandblast         |    54 |     8 ||    62
    Use: Potion            |       |     2 ||     2
   Stab: Sleeping          |       |     1 ||     1
 Armour: Robe              |    19 |       ||    19
         Leather armour    |    16 |     9 ||    25
         Ring mail         |       |    15 ||    15
  Dodge: Dodged            |    34 |    17 ||    51
  Block: Other             |     5 |       ||     5
         Buckler           |    22 |    15 ||    37

Table legend: (Time is in decaauts)
 A = Elapsed time spent in this place.
 B = Non-inter-level travel time spent in this place.
 C = Inter-level travel time spent in this place.
 D = Time resting spent in this place.
 E = Time spent auto-exploring this place.
 F = Levels seen in this place.
 G = Mean time per level.
                   A        B        C        D        E       F      G
               +--------+--------+--------+--------+--------+-----+--------+
         Total |   1904 |   1742 |    162 |     97 |   1159 |   3 |  634.7 |
       Dungeon |   1904 |   1742 |    162 |     97 |   1159 |   3 |  634.7 |
               +--------+--------+--------+--------+--------+-----+--------+

Top non-repeatable levels by time:
     D:2: 935 daAuts
     D:1: 850 daAuts
     D:3: 117 daAuts
